 Dungeon Crawl Stone Soup version 0.27-a0-1579-g97d2440184 (webtiles) character file.

Game seed: 17916376818495665445

5304 freelancePsychic the Stinger (level 10, -16/77 HPs)
             Began as a Demonspawn Fire Elementalist on July 18, 2021.
             Was a Follower of Vehumet.
             Demolished by a death yak simulacrum (34 damage)
             ... in an ice cave.
             The game lasted 00:25:02 (11879 turns).

freelancePsychic the Stinger (DsFE)                Turns: 11879, Time: 00:25:03

Health: -16/77     AC:  4    Str:  8    XL:     10   Next: 37%
Magic:  14/19      EV: 18    Int: 19    God:    Vehumet [*.....]
Gold:   560        SH:  0    Dex: 21    Spells: 12/21 levels left

rFire    + . .     SeeInvis .   v - staff of conjuration
rCold    . . .     Faith    .   (no shield)
rNeg     . . .     Spirit   .   a - +0 robe
rPois    .         Reflect  .   g - +2 hat
rElec    .         Harm     .   x - scarf {shadows}
rCorr    .         Rampage  .   (no gloves)
Will     .....                  (no boots)
Stlth    +++++.....             m - amulet of magic regeneration
HPRegen  0.22/turn              b - +4 ring of evasion
MPRegen  0.57/turn              f - ring of protection from fire

@: no status effects
A: thin skeletal structure 3, magic regeneration
a: Renounce Religion


You were in an ice cave.
You worshipped Vehumet.
Vehumet was aware of your devotion.
You visited 3 branches of the dungeon, and saw 12 of its levels.
You also visited: Ice Cave.

You collected 560 gold pieces.

Inventory:

Hand Weapons
 e - a +0 dagger
 h - a +0 battleaxe
Armour
 a - a +0 robe (worn)
 c - a +1 ring mail of fire resistance
 d - a +0 helmet
 g - a +2 hat (worn)
 x - a scarf of shadows (worn)
Magical Staves
 v - a staff of conjuration (weapon)
Jewellery
 b - a +4 ring of evasion (left hand)
 f - a ring of protection from fire (right hand)
 m - an amulet of magic regeneration (around neck)
 q - a ring of willpower
 t - a ring of poison resistance
Wands
 l - a wand of flame (8)
 B - a wand of digging (4)
Scrolls
 j - a scroll of magic mapping
 k - a scroll of noise
 p - a scroll of immolation
 s - a scroll of silence
 u - a scroll of enchant armour
 y - a scroll of enchant weapon
 z - a scroll of identify {@r1}
Potions
 i - 3 potions of curing {@q1}
 n - a potion of lignification
 o - 2 potions of attraction
 r - a potion of resistance
 w - a potion of berserk rage
 A - a potion of heal wounds {@q2}
 C - a potion of mutation {unknown}


   Skills:
 + Level 6.9 Fighting
 - Level 3.7 Dodging
 - Level 2.0 Stealth
 - Level 6.1 Spellcasting
 + Level 5.8 Conjurations
 + Level 6.7 Fire Magic
 - Level 7.3 Poison Magic


You had 12 spell levels left.
You knew the following spells:

 Your Spells              Type           Power      Damage    Failure   Level
a - Foxfire               Conj/Fire      100%       2x1d9     1%          1
c - Sticky Flame          Conj/Fire      44%        2d6       9%          4
d - Olgreb's Toxic Radia  Pois           33%        N/A       5%          4

Your spell library contained the following spells:

 Spells                   Type           Power      Damage    Failure   Level
 Magic Dart               Conj           100%       1d8       1%          1
 Sting                    Tmut/Pois      76%        1d6       2%          1
 Conjure Flame            Conj/Fire      44%        6-21      2%          3
 Shock                    Conj/Air       100%       1d9       3%          1
 Poisonous Vapours        Pois/Air       38%        N/A       3%          2
 Static Discharge         Conj/Air       25%        N/A       4%          2
 Inner Flame              Hex/Fire       18%        N/A       9%          3
 Stone Arrow              Conj/Erth      50%        3d10      10%         3
 Animate Skeleton         Necr           10%        N/A       11%         1
 Pain                     Necr           20%        1d5       11%         1
 Summon Small Mammal      Summ           20%        N/A       11%         1
 Fireball                 Conj/Fire      22%        3d10      22%         5
 Call Canine Familiar     Summ           5%         N/A       32%         3
 Summon Guardian Golem    Hex/Summ       5%         N/A       32%         3
 Swiftness                Air            5%         N/A       32%         3
 Vampiric Draining        Necr           2%         2d6       32%         3
 Iskenderun's Mystic Bla  Conj/Tloc      25%        2d7       32%         4
 Airstrike                Air            2%         N/A       73%         4
 Animate Armour           Summ/Erth      10%        N/A       73%         4
 Starburst                Conj/Fire      22%        8x6d7     77%         6
 Ignition                 Fire           15%        3d6       100%        8
 Lehudib's Crystal Spear  Conj/Erth      12%        10d4      100%        8
 Fire Storm               Conj/Fire      22%        8d6       100%        9


Dungeon Overview and Level Annotations

Branches:
Dungeon (10/15)            Temple (1/1) D:7            Lair (1/6) D:8
  IceCv (1/1)
    Orc: D:9-12

Altars:
Ashenzari
Cheibriados
Dithmenos
Elyvilon
Fedhas
Gozag
Hepliaklqana
Kikubaaqudgha
Makhleb
Nemelex Xobeh
Okawaru
Qazlal
Ru
Sif Muna
Trog
Uskayaw
Vehumet
Wu Jian
Xom
Yredelemnul
Zin
The Shining One

Annotations:
D:4 Dowan, Duvessa
D:9 Erica
Lair:1 exclusion: hydra IceCv exclusion: 2 ice statues


Innate Abilities, Weirdness & Mutations

You have an unnaturally thin skeletal structure. (Dex +6, Stealth+++)
You regenerate magic rapidly.


Message History

Casting: Foxfire (safe; 1% risk of failure)
Confirm with . or Enter, or press ? or * to list all spells.
You feel a surge of power!
You conjure some foxfire!
The foxfire hits the death yak simulacrum but does no damage.
The death yak simulacrum is lightly damaged.
The foxfire hits the death yak simulacrum.
The death yak simulacrum melts!
The death yak simulacrum is moderately damaged.
Casting: Foxfire (safe; 1% risk of failure)
Confirm with . or Enter, or press ? or * to list all spells.
You feel a surge of power!
You conjure some foxfire!
The foxfire hits the death yak simulacrum.
The death yak simulacrum is moderately damaged.
The foxfire hits the death yak simulacrum but does no damage.
The death yak simulacrum is moderately damaged.
Casting: Foxfire (safe; 1% risk of failure)
Confirm with . or Enter, or press ? or * to list all spells.
You feel a surge of power!
You conjure some foxfire!
The death yak simulacrum barely misses you.
The foxfire hits the death yak simulacrum.
The death yak simulacrum is moderately damaged.
The foxfire hits the death yak simulacrum.
The death yak simulacrum melts!
The death yak simulacrum is moderately damaged.
Casting: Foxfire (safe; 1% risk of failure)
Confirm with . or Enter, or press ? or * to list all spells.
You feel a surge of power!
You conjure some foxfire!
Casting: Foxfire (safe; 1% risk of failure)
Confirm with . or Enter, or press ? or * to list all spells.
You feel a surge of power!
You conjure some foxfire!
The foxfire hits the death yak simulacrum.
The death yak simulacrum melts!
The death yak simulacrum is heavily damaged.
The foxfire hits the death yak simulacrum.
The death yak simulacrum melts!
The death yak simulacrum is heavily damaged.
The death yak simulacrum gores you!!
* * * LOW HITPOINT WARNING * * *
The death yak simulacrum freezes you!!
You die...

............#
...........#
8#.....#8##
##...## #
#...## ##...#
##...# #.ZZ##
##.@v##
##..v..##
#...∩...#
#...∩...#
##.....##
##...## #####


You could see a death yak simulacrum (ally target) and a polar bear simulacrum
(ally target).

Vanquished Creatures
  2 ice devils (IceCv)
  A troll (D:10)
  A hornet (D:9)
  6 yaks (D:8)
  2 vampire mosquitoes
  2 steam dragons
  A death yak simulacrum (Lair:1)
  A water moccasin (Lair:1)
  An ice beast (D:5)
  A sky beast (D:6)
  2 necrophages
  An ogre (D:5)
  A centaur (D:4)
  A phantom (D:6)
  Blork the orc (D:4)
  A gnoll sergeant (D:8)
  2 scorpions
  A water moccasin zombie (D:7)
  6 bullfrogs
  2 cane toad simulacra
  2 water moccasin skeletons (D:5)
  A howler monkey (D:8)
  2 electric eels (D:8)
  A bullfrog zombie (D:6)
  2 hounds (D:5)
  2 centaur zombies
  2 orc priests
  2 jellies
  2 gnoll shamans (D:5)
  A centaur skeleton (D:6)
  4 iguanas
  Terence (D:2)
  10 orc wizards
  Natasha (twice) (D:4)
  2 wolf simulacra
  A howler monkey zombie (D:8)
  18 gnolls
  A howler monkey skeleton (D:6)
  7 adders
  A shadow imp (D:5)
  A white imp (IceCv)
  An ufetubus (IceCv)
  A worm (D:4)
  2 dart slugs (D:4)
  22 orcs
  5 bat zombies (D:6)
  6 endoplasms
  2 giant cockroaches
  6 hobgoblins
  2 jackals (D:2)
  6 quokkas
  6 ball pythons
  6 bats
  A frilled lizard (D:1)
  8 goblins
  4 kobolds
  3 rats
  A rat zombie (D:6)
183 creatures vanquished.

Vanquished Creatures (collateral kills)
  7 foxfires
7 creatures vanquished.

Vanquished Creatures (others)
  844 foxfires
  A plant (D:8)
845 creatures vanquished.

Grand Total: 1035 creatures vanquished

Notes
Turn   | Place    | Note
-------+----------+-------------------------------------------
     0 | D:1      | freelancePsychic the Demonspawn Fire Elementalist began the
                  | quest for the Orb.
     0 | D:1      | Reached XP level 1. HP: 13/13 MP: 3/3
   417 | D:1      | Gained mutation: You have a somewhat thin skeletal
                  | structure. (Dex +2, Stealth+) [demonic ancestry]
   417 | D:1      | Reached XP level 2. HP: 19/19 MP: 1/5
   717 | D:1      | Found a faded altar of an unknown god.
   981 | D:2      | Gained mutation: You have a moderately thin skeletal
                  | structure. (Dex +4, Stealth++) [demonic ancestry]
   981 | D:2      | Reached XP level 3. HP: 24/24 MP: 1/6
  1371 | D:2      | Noticed Terence
  1390 | D:2      | Killed Terence
  1391 | D:2      | Reached XP level 4. HP: 30/30 MP: 2/7
  2853 | D:4      | Noticed a centaur
  2879 | D:4      | Noticed Dowan
  3088 | D:4      | Gained mutation: You have an unnaturally thin skeletal
                  | structure. (Dex +6, Stealth+++) [demonic ancestry]
  3088 | D:4      | Reached XP level 5. HP: 35/35 MP: 8/8
  3183 | D:4      | Noticed Natasha
  3195 | D:4      | Killed Natasha
  3370 | D:4      | Noticed Duvessa
  3411 | D:4      | Noticed Natasha
  3416 | D:4      | Killed Natasha
  3644 | D:4      | Killed a centaur
  3645 | D:4      | Reached skill level 1 in Poison Magic
  3645 | D:4      | Reached XP level 6. HP: 40/41 MP: 0/9
  3679 | D:4      | Reached skill level 2 in Poison Magic
  3764 | D:4      | Noticed Blork the orc
  3774 | D:4      | Killed Blork the orc
  4317 | D:5      | Entered Level 5 of the Dungeon
  4462 | D:5      | Reached skill level 3 in Poison Magic
  4497 | D:5      | Reached skill level 4 in Poison Magic
  4501 | D:5      | Reached XP level 7. HP: 46/46 MP: 4/10
  4823 | D:5      | Learned a level 4 spell: Olgreb's Toxic Radiance
  4912 | D:5      | Reached skill level 5 in Poison Magic
  5056 | D:5      | Found an iron altar of Okawaru.
  5417 | D:5      | Reached skill level 6 in Poison Magic
  5606 | D:5      | Reached skill level 7 in Poison Magic
  5606 | D:5      | Reached XP level 8. HP: 52/52 MP: 4/11
  5808 | D:5      | Found a sparkling altar of Nemelex Xobeh.
  5855 | D:5      | Identified 2 scrolls of acquirement
  5856 | D:5      | Acquired a staff of conjuration
  5859 | D:5      | Acquired the Volume of Confrontation
  6209 | D:6      | Reached skill level 1 in Fighting
  6326 | D:6      | Identified the +0 long sword of Hepliaklqana's Anger
                  | {freeze, rElec rF- Int+2 Dex+3}
  6883 | D:6      | Found a bloodstained altar of Trog.
  7024 | D:6      | Found an ancient bone altar of Kikubaaqudgha.
  7257 | D:7      | Reached skill level 5 in Fire Magic
  7269 | D:6      | Gained mutation: You regenerate magic rapidly. [demonic
                  | ancestry]
  7269 | D:6      | Reached XP level 9. HP: 29/65 MP: 10/15
  7460 | D:6      | HP: 2/65 [vampire mosquito (10)]
  7933 | D:7      | Found a staircase to the Ecumenical Temple.
  8091 | Temple   | Entered the Ecumenical Temple
  8273 | Temple   | Became a worshipper of Vehumet
  8774 | D:7      | Learned a level 4 spell: Sticky Flame
  9012 | D:8      | Identified the +2 spear of the Soothsayer {vamp, Dex+3}
  9019 | D:8      | Found a staircase to the Lair.
  9668 | D:8      | Reached skill level 5 in Spellcasting
  9821 | D:8      | Reached skill level 5 in Fighting
 10109 | D:8      | Found an opulent altar of Gozag.
 10438 | D:9      | You fall into a shaft and drop 1 floor!
 10438 | D:10     | Entered Level 10 of the Dungeon
 10439 | D:10     | Acquired a book of Fire
 10447 | D:10     | Found a broken altar of Ashenzari.
 10447 | D:10     | Noticed a troll
 10756 | D:10     | Killed a troll
 10757 | D:10     | Reached XP level 10. HP: 76/76 MP: 7/19
 10828 | D:10     | Noticed a white ugly thing
 11188 | D:9      | Found a shimmering blue altar of Sif Muna.
 11285 | D:9      | Reached skill level 5 in Conjurations
 11435 | D:9      | Noticed Erica
 11449 | D:9      | Noticed a two-headed ogre
 11672 | Lair:1   | Entered Level 1 of the Lair of Beasts
 11752 | Lair:1   | Noticed a six-headed hydra
 11794 | Lair:1   | Reached * piety under Vehumet
 11794 | Lair:1   | Offered knowledge of Magic Dart by Vehumet.
 11795 | Lair:1   | Found a frozen archway.
 11811 | IceCv    | Entered an ice cave
 11858 | IceCv    | Noticed an ice statue
 11858 | IceCv    | Noticed an ice statue
 11879 | IceCv    | Demolished by a death yak simulacrum

Illustrated notes

Levels and vault maps discovered:
D:1:      wander_arrival_chamber, layout_basic, chequers_ecumenical_altar_grove
D:2:      layout_loops_cross, uniq_terence
D:3:      layout_basic
D:4:      layout_layer_cave, uniq_duvessa, uniq_natasha, uniq_blork_the_orc
D:5:      layout_basic, lemuel_coloured_pillars_altar,
          mainiacjoe_overflow_alcove_2, okawaru_metal_pillars_1_2,
          kennysheep_generic_room_10
D:6:      layout_rooms, lemuel_zombie_altar_kikubaaqudgha,
          mainiacjoe_overflow_tiny_flanked
D:7:      minmay_blocky_corners, layout_basic, minmay_temple_entry_butterflies,
          chequers_serial_rivers_micro_e
D:8:      layout_loops_ring, old_standard_altar, nicolae_elyvilon_temple_path,
          lair_entry_dummy, minmay_misc_feat_tiny, serial_bayou_ford_a,
          kennysheep_big_empty_room
D:9:      layout_basic, lemuel_round_altar, uniq_erolcha, uniq_erica
D:10:     layout_roguey, ashenzari_altar_1, trove_entry_hex_spiral,
          grunt_decor_clamped, nicolae_stop_n_shop_1, kennysheep_nondescript,
          kennysheep_generic_room_6
Temple:   dshaligram_water_room_temple
Lair:1:   layout_roguey, portal_ice_cave_entry_ice_simulacra, nzn_ghost_randoct
IceCv:    ice_cave_tombish

Skill      XL: |  1  2  3  4  5  6  7  8  9 10 |
---------------+-------------------------------+-----
Fire Magic     | 3 5 6 |  6.7
Stealth        | 2 |  2.0
Conjurations   | 2 3 4 5 |  5.8
Dodging        | 2 3 |  3.7
Poison Magic   | 1 4 7 |  7.3
Fighting       | 3 6 |  6.9
Spellcasting   | 4 6 |  6.1

Action                   |  1- 3 |  4- 6 |  7- 9 | 10-12 || total
-------------------------+-------+-------+-------+-------++-------
Melee: Dagger            |     8 |    55 |     3 |       ||    66
       Staff             |       |       |     6 |       ||     6
 Cast: Foxfire           |    55 |   100 |   280 |    56 ||   491
       Olgreb's Toxic Ra |       |       |    31 |     3 ||    34
       Sticky Flame      |       |       |    10 |     4 ||    14
  Use: Scroll            |       |     2 |    14 |     2 ||    18
       Potion            |       |       |     3 |       ||     3
 Stab: Sleeping          |     7 |    13 |     1 |       ||    21
Armor: Robe              |     3 |     6 |    22 |     2 ||    33
Dodge: Dodged            |    21 |    53 |   163 |    10 ||   247

Table legend: (Time is in decaauts)
 A = Elapsed time spent in this place.
 B = Non-inter-level travel time spent in this place.
 C = Inter-level travel time spent in this place.
 D = Time resting spent in this place.
 E = Time spent auto-exploring this place.
 F = Levels seen in this place.
 G = Mean time per level.
                   A        B        C        D        E       F      G
               +--------+--------+--------+--------+--------+-----+--------+
         Total |  11908 |  11459 |    449 |   1132 |   8383 |  13 |  916.0 |
       Dungeon |  11513 |  11071 |    442 |   1122 |   8219 |  10 | 1151.3 |
        Temple |    188 |    182 |      6 |      0 |    147 |   1 |  188.0 |
          Lair |    138 |    138 |      0 |      0 |      5 |   1 |  138.0 |
      Ice Cave |     67 |     67 |      0 |     10 |     12 |   1 |   67.0 |
               +--------+--------+--------+--------+--------+-----+--------+

Top non-repeatable levels by time:
     D:5: 1865 daAuts
     D:4: 1492 daAuts
     D:6: 1350 daAuts
     D:8: 1311 daAuts
     D:7: 1290 daAuts
     D:2: 1017 daAuts
     D:3: 915 daAuts
     D:1: 904 daAuts
     D:9: 871 daAuts
    D:10: 493 daAuts
  Temple: 188 daAuts
  Lair:1: 138 daAuts
   IceCv: 67 daAuts
